 Dungeon Crawl Stone Soup version 0.26.0-45-g9c1d065592 (webtiles) character file.

Game seed: 12650450144883394152

75 trckry the Bolt Thrower (level 4, -1/27 HPs)
             Began as a Tengu Hunter on Jan 28, 2021.
             Slain by Natasha (5 damage)
             ... on level 2 of the Dungeon.
             The game lasted 00:04:10 (2318 turns).

trckry the Bolt Thrower (Tengu Hunter)              Turns: 2318, Time: 00:04:10

Health: -1/27      AC:  6    Str: 14    XL:     4   Next: 31%
Magic:  5/5        EV: 10    Int: 11    God:
Gold:   179        SH:  0    Dex: 14    Spells: 3/3 levels left

rFire    . . .     SeeInvis .   b - +0 spear
rCold    . . .     Faith    .   (no shield)
rNeg     . . .     Spirit   .   n - +0 scale mail
rPois    .         Reflect  .   (helmet restricted)
rElec    .         Harm     .   (no cloak)
rCorr    .         Rampage  .   (no gloves)
Will     +....                  (boots unavailable)
Stlth    ..........             (no amulet)
HPRegen  0.09/turn              e - ring of willpower
MPRegen  0.09/turn              l - ring of attention (curse)

@: slowed, very slow
A: beak, talons 3
a: no special abilities


You were on level 2 of the Dungeon.
You visited 1 branch of the dungeon, and saw 2 of its levels.

You collected 179 gold pieces.

Inventory:

Hand Weapons
 a - a +1 hand crossbow
 b - a +0 spear (weapon)
Missiles
 d - 39 bolts
Armour
 n - a +0 scale mail (worn)
Jewellery
 e - a ring of willpower (left hand)
 j - an uncursed ring of willpower
 l - a cursed ring of attention (right hand)
Scrolls
 f - a scroll of remove curse
 h - 2 scrolls of identify {unknown}
 k - a scroll of random uselessness {unknown}
 m - a scroll of amnesia {unknown}
Potions
 c - 2 potions of lignification {unknown}
 g - 2 potions of mutation {unknown}
 i - 2 potions of curing {unknown}


   Skills:
 + Level 2.4 Fighting
 * Level 5.1 Crossbows
 + Level 1.2 Armour
 + Level 2.6 Dodging
 - Level 1.0 Stealth
 + Level 1.0 Invocations
 + Level 1.0 Evocations


You had 3 spell levels left.
You didn't know any spells.
Your spell library was empty.

Dungeon Overview and Level Annotations

Branches:
Dungeon (2/15)

Altars:
Zin

Annotations:
D:2 Natasha


Innate Abilities, Weirdness & Mutations

You have a beak for a mouth.
You have claws for feet.


Message History

Aim: Natasha (severely wounded)
You hit Natasha but do no damage. You peck Natasha.
Natasha is severely wounded.
Natasha claws you.
* * * LOW HITPOINT WARNING * * *
Reach: b) +0 spear
Press: ? - help, Dir - move target, f/p - Natasha
Aim: Natasha (severely wounded)
You barely miss Natasha.
Natasha is severely wounded.
Natasha claws you.
* * * LOW HITPOINT WARNING * * *
Natasha barely misses you.
Reach: b) +0 spear
Press: ? - help, Dir - move target, f/p - Natasha
Aim: Natasha (severely wounded)
You hit Natasha. Your peck misses Natasha.
Natasha is severely wounded.
Natasha claws you.
You die...

,8#**#.*#....# #....).......
,*#.##.##..#.# #.#.##....#..
8*#........#.# #.#..#.##.#.. *
#..........# #......##.#..
*##....).#.####### #.##.#....#..
.................####.##...##.[..
...........#####5.........###....
.........#.# #h#######...##....
.........#.# *#@#*****#.#.#.....
.........#.# #....#,,,..#.#.....
.........'.# #....#,*##.#.....#.
...(.[...### #....#,* ####......
,........# #....#,* #...<.##
,********* #....#,* ###...##
,,,†,,(,* #....#,******#.....
,,,,,,,,* *#....#,,,,.....>.##
,,,,,,,,* *<†),,*****######.##


You could see Natasha and a shadow imp (summoned).

Vanquished Creatures
  Natasha (D:2)
  An ooze (D:1)
  2 dart slugs (D:2)
  2 giant cockroaches (D:1)
  8 goblins
  4 hobgoblins
  5 kobolds
  A quokka (D:2)
  A ball python (D:2)
  6 bats
  A frilled lizard (D:1)
  6 rats
38 creatures vanquished.

Notes
Turn   | Place    | Note
-------+----------+-------------------------------------------
     0 | D:1      | trckry the Tengu Hunter began the quest for the Orb.
     0 | D:1      | Reached XP level 1. HP: 12/12 MP: 2/2
   277 | D:1      | Reached XP level 2. HP: 17/17 MP: 3/3
   629 | D:1      | Reached XP level 3. HP: 21/21 MP: 4/4
  1294 | D:2      | Reached skill level 1 in Armour
  1335 | D:2      | Found a glowing silver altar of Zin.
  1764 | D:2      | Reached skill level 5 in Crossbows
  1911 | D:2      | Noticed Natasha
  1926 | D:2      | Killed Natasha
  1927 | D:2      | Reached skill level 1 in Invocations
  1927 | D:2      | Reached skill level 1 in Evocations
  1927 | D:2      | Reached XP level 4. HP: 12/27 MP: 5/5
  2294 | D:2      | Noticed Natasha
  2317 | D:2      | HP: 4/27 [Natasha (4)]
  2318 | D:2      | Slain by Natasha

Illustrated notes

Levels and vault maps discovered:
D:1:      amcnicky_arrival_single_pillar, layout_basic
D:2:      layout_basic, nicolae_overflow_hidden_temple,
          minmay_goblin_kobold_house, uniq_natasha

Skill      XL: |  1  2  3 |
---------------+----------+-----
Armour         | 1 |  1.2
Crossbows      | 5 |  5.1
Invocations    | 1 |  1.0
Evocations     | 1 |  1.0
Fighting       | |  2.4
Dodging        | |  2.6
Stealth        | |  1.0

Action                   |  1- 3 |  4- 6 || total
-------------------------+-------+-------++-------
Melee: Short sword       |    36 |       ||    36
       Kick              |    20 |       ||    20
       Peck              |    14 |     2 ||    16
       Spear             |    47 |     8 ||    55
       Hand axe          |    23 |       ||    23
 Fire: Hand crossbow     |       |     1 ||     1
  Use: Scroll            |     2 |       ||     2
 Stab: Sleeping          |     1 |       ||     1
Armor: Leather armour    |    18 |       ||    18
       Scale mail        |     6 |     1 ||     7
Dodge: Dodged            |    47 |     6 ||    53
